 Dungeon Crawl Stone Soup version 0.29-a0-337-g68df138881 (webtiles) character file.

Game seed: 5600165884530961135

116998 spaghetti the Devastator (level 16, -5/134 HPs)
             Began as an Octopode Conjurer on Apr 16, 2022.
             Was the Champion of Jiyva.
             Shot with an arrow by a centaur warrior (21 damage)
             ... on level 1 of the Vaults.
             The game lasted 01:31:43 (27642 turns).

spaghetti the Devastator (Octopode Conjurer)       Turns: 27642, Time: 01:31:43

Health: -5/134     AC:  5    Str: 10    XL:     16   Next: 37%
Magic:  5/28       EV: 24    Int: 27    God:    Jiyva [******]
Gold:   992        SH:  0    Dex: 20    Spells: 3/31 levels left

rFire   + + +      SeeInvis +   N - staff of conjuration {!a@e2staff}
rCold   . . .      Faith    .   (no shield)
rNeg    . . .      Spirit   .   (no amulet)
rPois   +          Reflect  .   h - +6 ring of dexterity
rElec   .          Harm     .   n - ring of see invisible
rCorr   +          Rampage  .   (no ring)
Will    +....      Clarity  +   (no ring)
Stlth   +++.......              (no ring)
HPRegen 1.92/turn               (no ring)
MPRegen 0.71/turn               (no ring)
                                (no ring)

@: swift, frozen, invisible, unable to read
A: almost no armour, amphibious, 8 rings, camouflage 1, gelatinous body 1,
(nimble swimmer 1), tentacles, antennae 3, iridescent scales 2, agile 1,
clarity, fire resistance 3, mutation resistance 2, poison resistance, robust 1,
strong 2, inability to read while threatened
}: 1/15 runes: slimy
a: Renounce Religion, Oozemancy, Slimify


You were on level 1 of the Vaults.
You worshipped Jiyva.
Jiyva was exalted by your worship.
You visited 5 branches of the dungeon, and saw 29 of its levels.

You collected 1577 gold pieces.
You spent 585 gold pieces at shops.


Innate Abilities, Weirdness & Mutations

You cannot wear most types of armour.
You are amphibious.
You can wear up to eight rings at the same time.
Your skin changes colour to match your surroundings (Stealth+).
Your rubbery body absorbs attacks. (AC +1, EV +1)
((You are camouflaged when in or above water. (Stealth+)))
You have tentacles for arms and can constrict up to eight enemies at once.
You have a pair of large antennae on your head. (SInv)
You are mostly covered in iridescent scales. (AC +4)
You are agile. (Dex +2)
You possess an exceptional clarity of mind.
Your flesh is almost immune to the effects of heat. (rF+++)
You are somewhat resistant to both further mutation and mutation removal.
Your system is resistant to poisons. (rPois)
You are robust. (+10% HP)
Your muscles are very strong. (Str +4)
You sometimes lose the ability to read scrolls when taking damage.


   Skills:
 - Level 15.0 Fighting
 - Level 15.0 Dodging
 - Level 2.6 Stealth
 * Level 8.2 Spellcasting
 + Level 16.9 Conjurations
 - Level 8.0 Hexes


You had 3 spell levels left.
You knew the following spells:

 Your Spells              Type           Power      Damage    Failure   Level
a - Magic Dart            Conj           100%       1d8       0%          1
b - Searing Ray           Conj           100%       2d8       0%          2
c - Fulminant Prism       Conj/Hex       43%        3d20      1%          4
d - Iskenderun's Mystic   Conj/Tloc      71%        2d14      1%          4
e - Blink                 Tloc           22%        N/A       8%          2
f - Swiftness             Air            11%        N/A       16%         3
g - Irradiate             Conj/Tmut      35%        3d25      4%          5
h - Dragon Form           Tmut           5%         N/A       100%        7

Your spell library contained the following spells:

 Spells                   Type           Power      Damage    Failure   Level
 Shock                    Conj/Air       100%       1d9       1%          1
 Dazzling Flash           Conj/Hex       100%       N/A       1%          3
 Corpse Rot               Necr/Air       22%        N/A       8%          2
 Poisonous Vapours        Pois/Air       22%        N/A       8%          2
 Sublimation of Blood     Necr           11%        N/A       8%          2
 Wereblood                Tmut           11%        N/A       8%          2
 Lesser Beckoning         Tloc           11%        N/A       16%         3
 Fireball                 Conj/Fire      35%        3d15      4%          5
 Starburst                Conj/Fire      35%        6d10      24%         6
 Metabolic Englaciation   Hex/Ice        16%        N/A       28%         5
 Airstrike                Air            5%         N/A       45%         4
 Petrify                  Tmut/Erth      11%        N/A       45%         4
 Blade Hands              Tmut           5%         N/A       82%         5
 Manifold Assault         Tloc           11%        N/A       82%         5
 Statue Form              Tmut/Erth      7%         N/A       100%        6
 Summon Hydra             Summ           5%         N/A       100%        7
 Ignition                 Fire           5%         3d4       100%        8

Inventory:

Hand Weapons
 a - a +2 demon whip of venom {mace}
   (You took it off Amaemon on level 2 of the Lair of Beasts)
Missiles
 l - 479 stones {throwing}
 m - 7 boomerangs {throwing}
 v - 11 curare-tipped darts {=fthrowing}
 w - 7 javelins {throwing}
 C - 3 silver boomerangs {throwing}
 L - 18 poisoned darts {throwing}
Armour
 z - the +3 hat of Pondering {ponderous, Will+ MP+10 Int+5}
   (You found it on level 5 of the Pits of Slime)

   Int:       It affects your intelligence (+5).
   MP:        It affects your magic capacity (+10).
   Will:      It increases your willpower.
 T - the -2 hat of the Alchemist {rElec rPois rF+ rC+ rN+ Will+ rMut rCorr}
   (You found it on level 9 of the Dungeon)

   rF:        It protects you from fire.
   rC:        It protects you from cold.
   rElec:     It insulates you from electricity.
   rPois:     It protects you from poison.
   rN:        It protects you from negative energy.
   rCorr:     It protects you from acid and corrosion.
   rMut:      It protects you from mutation.
   Will:      It increases your willpower.
Magical Staves
 j - a staff of earth {!astaff}
   (You found it on level 3 of the Lair of Beasts)
 t - a staff of cold {!astaff}
   (You took it off Fannar on level 12 of the Dungeon)
 G - a staff of cold {!astaff}
   (You found it on level 5 of the Dungeon)
 N - a staff of conjuration (weapon) {!a@e2staff}
   (You found it on level 8 of the Dungeon)
 Q - a staff of conjuration {!a@e2staff}
   (You found it on level 12 of the Dungeon)
 X - a staff of death {!astaff}
   (You found it on level 12 of the Dungeon)
Jewellery
 h - a +6 ring of dexterity (left tentacle)
   (You found it on level 3 of the Lair of Beasts)
 n - a ring of see invisible (right tentacle)
   (You found it on level 3 of the Lair of Beasts)
 q - an amulet of regeneration {@e2}
   (You found it on level 6 of the Lair of Beasts)
 W - a ring of poison resistance
   (You took it off a death knight on level 12 of the Dungeon)
Wands
 b - a wand of polymorph (6)
   (You found it on level 2 of the Lair of Beasts)
 e - a wand of charming (6)
   (You found it on level 1 of the Lair of Beasts)
 D - a wand of mindburst (6)
   (You found it on level 5 of the Dungeon)
 P - a wand of digging (4)
   (You found it on level 8 of the Dungeon)
Scrolls
 c - 3 scrolls of identify {@r1}
 d - a scroll of teleportation {@r4}
 f - 5 scrolls of enchant weapon
 k - 3 scrolls of noise {!r}
 o - a scroll of fear
 p - 2 scrolls of vulnerability {!r!r}
 r - 2 scrolls of blinking {!r}
 x - a scroll of magic mapping {!r}
 y - 2 scrolls of enchant armour
 J - a scroll of holy word
 M - a scroll of immolation {!r!r}
 S - a scroll of fog
Potions
 g - 2 potions of might
 i - 2 potions of ambrosia
 s - a potion of flight
 u - 2 potions of mutation {!q}
 A - a potion of resistance
 B - 4 potions of curing {@q1}
 E - 2 potions of degeneration {!q@e2}
 H - 3 potions of lignification {!q}
 I - 2 potions of cancellation
 O - 2 potions of magic
Miscellaneous
 K - a condenser vane (inert)
   (You found it on level 12 of the Dungeon)

Dungeon Overview and Level Annotations

Branches:
Dungeon (15/15)            Temple (0/1) D:4            Lair (6/6) D:10
  Swamp (0/4) Lair:2       Spider (0/4) Lair:2        Slime (5/5) Lair:6
    Orc (2/2) D:9             Elf (0/3) Orc:2        Vaults (1/5) D:13
 Depths (0/4) D:15

Altars:
Cheibriados
Dithmenos
Fedhas
Gozag
Hepliaklqana
Kikubaaqudgha
Makhleb
Nemelex Xobeh
Okawaru
Ru
Trog
Uskayaw
Vehumet
Xom
Beogh
Jiyva
Lugonu

Shops:
D:8 *   D:10 [   D:14 *   D:15 [   Orc:2 [!(

Portals:
Abyss: Lair:6

Annotations:
D:3 Edmund
D:4 exclusion: oklob plant
D:5 3 runed translucent doors, exclusion: acid dragon, Rappanathuk's ghost, novice DgTm
D:9 2 transporters, a11behringer's ghost, novice MiBe
D:10 1 runed translucent door, rageheart7's ghost, journeyman GrGl
D:13 1 exclusion
D:14 7 runed translucent doors, Osanutie's ghost, journeyman MiBe
Lair:2 2 transporters, enile's ghost, journeyman OgFE
Slime:5 Royal Jelly
Orc:1 2 transporters, Beoweam's ghost, journeyman DsGl

######+### #........#
#........# #........########
#...>...c#......#
######'####........'..)...#
+......p..'@.......#......#
#.........#J.......#....).#
#.........##########....{p##
#.........# #.....c'p
#.........# ########p
#.....)...# #.
#########'###### #.
#...........# #{
#...........# #.


You could see an ironbound frostheart (ally target), a centaur warrior (can't
see you) and a friendly rockslime (summoned).


Message History

😎 MP[-3]
You lost 3 mp, and now have 13/28 mp.
The centaur warrior shoots an arrow.
The arrow hits you!!
Your fulminant prism crackles loudly.
The wizard casts a spell.
The wizard flickers and vanishes for a moment. 😕 HP[-24] MP[+1]
You take 24 damage, and now have 110/134 hp.
Casting: Fulminant Prism (safe; 1% risk of failure)
Confirm with . or Enter, or press ? or * to list all spells.
You feel a surge of power!
You erupt in a blast of force!
The mystic blast hits the orc knight!
You kill the orc knight!
You hear a shout!
The centaur warrior shoots an arrow.
The arrow closely misses you.
The centaur warrior shoots an arrow.
The arrow hits you!
The blast of energy engulfs the ironbound convoker!!
You kill the ironbound convoker!
The vault warden unwields a +0 battleaxe.
The vault warden wields a +0 arbalest.
The vault warden shoots a bolt.
The bolt hits you! 😮 HP[-25] MP[-4]
You take 25 damage, and now have 85/134 hp.
You lost 4 mp, and now have 10/28 mp.
Casting: Iskenderun's Mystic Blast (mildly dangerous; 1% risk of failure)
Confirm with . or Enter, or press ? or * to list all spells.
Aiming: Fulminant Prism (safe; 1% risk of failure)
Press: ? - help, Dir - move target You feel a surge of power!
You conjure a prism of explosive energy!
A fulminant prism comes into view.
The centaur warrior shoots an arrow.
The arrow hits your fulminant prism!
The wizard becomes larger for a moment. 😮 HP[+2] MP[-3]
You regained 2 hp, and now have 87/134 hp.
You lost 3 mp, and now have 7/28 mp.
The centaur warrior shoots an arrow.
The arrow hits your fulminant prism!!
The vault warden shoots a bolt.
The bolt hits you!!
You feel threatened and lose the ability to read scrolls!
The centaur warrior shoots an arrow.
The arrow misses you.
There is an open door, spattered with blood here. 😮 HP[-17] MP[+1]
You take 17 damage, and now have 70/134 hp.
The centaur warrior shoots an arrow.
The arrow hits you!
* * * LOW HITPOINT WARNING * * *
You hear a distant slurping noise. 😨 HP[-13] MP[+1]
You take 13 damage, and now have 57/134 hp.
You close the door. 😨 HP[+2]
You regained 2 hp, and now have 59/134 hp.
Casting: Fulminant Prism (safe; 1% risk of failure)
Confirm with . or Enter, or press ? or * to list all spells.
You blink. 😨 HP[+2] MP[-1]
You regained 2 hp, and now have 61/134 hp.
You lost 1 mp, and now have 8/28 mp.
Unknown command.
Unknown command. 😨 HP[+2] MP[+1]
You regained 2 hp, and now have 63/134 hp.
Casting: Blink (safe; 8% risk of failure)
Confirm with . or Enter, or press ? or * to list all spells.
You feel quick. 😨 HP[+1] MP[-3]
You lost 3 mp, and now have 6/28 mp. 😨 HP[+2] MP[+1]
You regained 2 hp, and now have 66/134 hp.
Casting: Swiftness (mildly dangerous; 16% risk of failure)
Confirm with . or Enter, or press ? or * to list all spells.
Aiming: Fulminant Prism (safe; 1% risk of failure)
Press: ? - help, Dir - move target You feel a surge of power!
You conjure a prism of explosive energy!
A fulminant prism comes into view.
A centaur warrior breaks down the door.
The centaur warrior shoots an arrow.
The arrow misses you. 😮 HP[+2] MP[-3]
You regained 2 hp, and now have 68/134 hp.
You lost 3 mp, and now have 4/28 mp.
An ironbound frostheart comes into view.
You feel stable enough to blink again. 😮 HP[+1]
Your fulminant prism crackles loudly.
The ironbound frostheart calls freezing cold from the walls.
The frost grips you!!!
* * * LOW HITPOINT WARNING * * *
You shudder from the blast and a jelly pops out!
You are encased in ice. 😨 HP[-34] MP[+1]
You take 34 damage, and now have 35/134 hp.
MASSIVE DAMAGE!! (PAUSE)
You cannot read scrolls in your current state!
Unknown command.
You fade into invisibility!
The centaur warrior shoots an arrow.
The arrow hits you!!
* * * LOW HITPOINT WARNING * * *
The blast of energy engulfs the centaur warrior!!
The centaur warrior shoots an arrow.
The arrow hits you!!
You die...

Skill      XL: |  1  2  3  4  5  6  7  8  9 10 11 12 13 14 15 16 |
---------------+-------------------------------------------------+-----
Conjurations   | 5 6 7 8 9 10 11 13 15 16 | 16.9
Hexes          | 4 8 |  8.0
Spellcasting   | 3 6 8 |  8.2
Fighting       | 3 10 12 14 15 | 15.0
Dodging        | 8 12 14 15 | 15.0
Stealth        | |  2.6

Action                   |  1- 3 |  4- 6 |  7- 9 | 10-12 | 13-15 | 16-18 || total
-------------------------+-------+-------+-------+-------+-------+-------++-------
Melee: Unarmed           |    10 |     5 |       |       |       |       ||    15
       Tentacles         |     3 |       |       |     2 |    11 |     3 ||    19
       Constrict         |     2 |       |       |       |     4 |       ||     6
       Staff             |       |       |       |     8 |    28 |     6 ||    42
       Punch             |       |       |       |     1 |     2 |       ||     3
 Cast: Magic Dart        |    67 |    61 |    64 |    21 |    60 |     5 ||   278
       Searing Ray       |       |     9 |    53 |    19 |    60 |    10 ||   151
       Fulminant Prism   |       |       |    10 |   137 |   283 |    51 ||   481
       Iskenderun's Myst |       |       |     1 |    29 |   202 |    46 ||   278
       Blink             |       |       |       |       |     6 |     2 ||     8
       Swiftness         |       |       |       |       |     2 |     1 ||     3
Evoke: Wand              |       |       |       |     2 |     2 |     4 ||     8
       Condenser vane    |       |       |       |       |       |     1 ||     1
  Use: Potion            |     1 |     1 |       |     4 |     2 |     1 ||     9
       Scroll            |       |       |       |    10 |     8 |       ||    18
Armor: Skin              |     6 |     4 |     3 |     7 |    36 |     1 ||    57
Dodge: Dodged            |    12 |    24 |    39 |    52 |   234 |    50 ||   411

Levels and vault maps discovered:
D:1:      dpeg_arrival_stonehenge_8_columns, layout_loops_ring,
          hellmonk_ecumenical_altar_run_dry, serial_bayou_lagoon_a
D:2:      layout_basic
D:3:      layout_rooms, nicolae_overflow_crystal_walls
D:4:      kennysheep_the_goblin_king, layout_cave_pools,
          riverfiend_overflow_shadow_ancestor, tgw_fedhas,
          mainiacjoe_overflow_two_lobes, minmay_temple_entry_slanted,
          uniq_edmund
D:5:      layout_basic, chequers_temple_overflow_minitemple,
          biasface_ghost_orc_armoury, uniq_grinder
D:6:      layout_rooms, lightli_temple_of_fire, general_overflow_altar
D:7:      layout_loops_corners, chequers_serial_rivers_micro_a, st_stairs_5
D:8:      layout_rooms, lemuel_doored_altar, serial_shops, shop
D:9:      layout_loops_cross, trog_three_pillars_becter, david_orc_3,
          gammafunk_ghost_berserking_beasts
D:10:     layout_cave_pools, david_lair_shrubbed, ebering_ghost_inner_flame,
          minmay_shop_grid_forest, nicolae_sextant
D:11:     layout_small_grid, minmay_statues_item,
          nicolae_ru_great_annihilating_truth
D:12:     minmay_nested_s, layout_cave_pools, gauntlet_entry_generic,
          uniq_lodul, uniq_maurice, uniq_fannar
D:13:     layout_loops_ring, grunt_vaults_entry_tiered, minmay_lindwurm_lava
D:14:     lemuel_bear_cage, layout_long_grid, minmay_door_square,
          ebering_ghost_gozag
D:15:     gammafunk_enter_depths_forms, layout_loops_cross, serial_shops, shop,
          nicolae_dithmenos_the_darkroom, hangedman_decor_growths,
          small_chamber_with_monster, corexii_hall_statues_s,
          nicolae_vehumet_radiance, uniq_azrael
Lair:1:   layout_regular_city, chequers_serial_rivers_micro_d,
          grunt_megastairs_4, infiniplex_staircase_pool, serial_bayou_shore_a,
          serial_bayou_shore_b, uniq_urug
Lair:2:   layout_cave_pods, swamp_mist, hellmonk_spider_entry_life_and_decay,
          enter_volcano_3, gammafunk_ghost_wrathful_warriors,
          grunt_forest_small_clearings, chequers_serial_rivers_small_b,
          lemuel_centaur_altar, grunt_megastairs_3, serial_bayou_shore_b,
          uniq_amaemon
Lair:3:   layout_layer_cave, kennysheep_snail_temple,
          infiniplex_staircase_pool_2, lemuel_fruit_fields, serial_bayou_shore_b
Lair:4:   layout_cave_pods, nicolae_lair_lil_pond, lemuel_fruit_fields,
          grunt_megastairs_1, lemuel_fruit_fields
Lair:5:   layout_layer_cave, st_stairs_3, patterned_corridor
Lair:6:   hellmonk_lair_end_abyssal_woods, layout_hall_layers,
          dpeg_slime_entry_corner, nicolae_quartered_pool_impasse,
          fungi_pond_lemuel, serial_bayou_shore_b
Slime:1:  layout_caves, cheibrodos_slime_lost_civilization_5
Slime:2:  layout_caves
Slime:3:  cheibrodos_slime_lost_civilization_10, layout_caves,
          cheibrodos_slime_lost_civilization_6, uniq_dissolution
Slime:4:  layout_caves
Slime:5
Orc:1:    layout_caves, gammafunk_ghost_smash, uniq_snorg
Orc:2:    st_orc_ogre_mass, layout_diamond_mine, nicolae_orc_rockfall,
          guppyfry_library_mini
Vaults:1: nicolae_vaults_network_star, nicolae_vaults_border_crossing,
          vaults_mumra_chevron, nicolae_vaults_mini_display_case, v_misc_27,
          vaults_dpeg_spiral, vaults_room_fancy_cross,
          nicolae_vaults_little_squares_1, dpeg_vaults_monster_row, v_misc_13,
          nicolae_vaults_circle_grid_a, grunt_vaults_funnel, v_alt_pattern_4,
          v_alt_pattern_4, nicolae_vaults_circle_grid_a, ontoclasm_vaults_fault,
          layout_vaults_maze

Notes
Turn   | Place    | Note
-------+----------+-------------------------------------------
     0 | D:1      | spaghetti the Octopode Conjurer began the quest for the
                  | Orb.
     0 | D:1      | Reached XP level 1. HP: 11/11 MP: 3/3
     0 | D:1      | magus.rc [v1.9.6]
   220 | D:1      | Reached XP level 2. HP: 17/17 MP: 5/5
   765 | D:1      | Reached XP level 3. HP: 21/21 MP: 3/6
   768 | D:1      | Learned a level 2 spell: Searing Ray
   874 | D:1      | Reached skill level 5 in Conjurations
   922 | D:1      | Found a faded altar of an unknown god.
  1104 | D:1      | Prayed at the altar of an unknown god.
  1104 | D:1      | Became a worshipper of Jiyva Juoqarar the Shapeless
  1104 | D:1      | Reached * piety under Jiyva
  1723 | D:3      | Reached ** piety under Jiyva
  1823 | D:3      | Reached XP level 4. HP: 27/27 MP: 3/7
  1918 | D:3      | Found a radiant altar of Vehumet.
  2126 | D:4      | Noticed a scorpion
  2161 | D:4      | Found a hazy altar of Hepliaklqana.
  2170 | D:4      | Killed a scorpion
  2171 | D:4      | Reached skill level 6 in Conjurations
  2171 | D:4      | Reached XP level 5. HP: 19/31 MP: 3/8
  2231 | D:4      | Found a staircase to the Ecumenical Temple.
  2243 | D:4      | Noticed Edmund
  2444 | D:3      | HP: 5/31 [something/magic dart (6)]
  2509 | D:4      | Found a shadowy altar of Dithmenos.
  2509 | D:4      | Noticed a shadow
  2539 | D:4      | Noticed an ogre
  2544 | D:4      | Killed an ogre
  2545 | D:4      | Reached skill level 7 in Conjurations
  2545 | D:4      | Reached XP level 6. HP: 36/36 MP: 4/9
  2559 | D:4      | Reached *** piety under Jiyva
  2700 | D:4      | Found a snail-covered altar of Cheibriados.
  2729 | D:4      | Found a hide-covered altar of Uskayaw.
  2803 | D:4      | Found a blossoming altar of Fedhas.
  2824 | D:4      | Noticed an oklob plant
  3082 | D:5      | Entered Level 5 of the Dungeon
  3291 | D:5      | Found a runed translucent gate.
  3292 | D:5      | Found a runed translucent gate.
  3293 | D:5      | Found a runed translucent gate.
  3294 | D:5      | Identified the +8 chain mail of Ignis's Anger {Contam rF++
                  | Dex+6}
  3294 | D:5      | Noticed an orc warrior
  3296 | D:5      | Noticed Rappanathuk's ghost (novice DgTm)
  3300 | D:5      | Identified the +7 hand axe "Riaco" {spect, Dex+3}
  3300 | D:5      | Identified the +0 scale mail "Lepheb" {Int+2}
  3373 | D:5      | Noticed Grinder
  3376 | D:5      | Paralysed by Grinder for 6 turns
  3389 | D:5      | HP: 8/36 [Grinder (3)]
  3390 | D:5      | Killed Grinder
  3391 | D:5      | Reached skill level 8 in Conjurations
  3391 | D:5      | Reached XP level 7. HP: 11/41 MP: 1/10
  3415 | D:5      | Learned a level 4 spell: Fulminant Prism
  3441 | D:5      | Gained mutation: Your flesh is heat resistant. (rF+)
                  | [Jiyva's grace]
  3441 | D:5      | Gained mutation: Your flesh is very heat resistant. (rF++)
                  | [Jiyva's grace]
  3441 | D:5      | Gained mutation: Your flesh is almost immune to the effects
                  | of heat. (rF+++) [Jiyva's grace]
  3441 | D:5      | Gained mutation: You have very sharp teeth. [Jiyva's grace]
  3486 | D:5      | Reached skill level 9 in Conjurations
  3650 | D:5      | Reached **** piety under Jiyva
  3704 | D:5      | Found a faded altar of an unknown god.
  3704 | D:5      | Found a shimmering altar of Xom.
  3711 | D:5      | Found an opulent altar of Gozag.
  3713 | D:5      | Found a sparkling altar of Nemelex Xobeh.
  3715 | D:5      | Found a faded altar of an unknown god.
  4294 | D:6      | Reached XP level 8. HP: 45/46 MP: 4/11
  4343 | D:6      | Reached skill level 10 in Conjurations
  4527 | D:6      | Found an iron altar of Okawaru.
  4553 | D:6      | Found a burning altar of Makhleb.
  4744 | D:7      | You pick up a book of Air and begin reading...
  4744 | D:7      | You add the spells Shock, Swiftness and Airstrike to your
                  | library.
  4771 | D:7      | Learned a level 4 spell: Iskenderun's Mystic Blast
  4792 | D:7      | Reached skill level 1 in Hexes
  4928 | D:7      | Noticed a yak
  4929 | D:7      | Noticed a yak
  4932 | D:7      | Noticed a yak
  4936 | D:7      | Killed a yak
  4937 | D:7      | Reached skill level 3 in Hexes
  4953 | D:6      | Killed a yak
  4954 | D:6      | Reached skill level 4 in Hexes
  4954 | D:6      | Reached XP level 9. HP: 25/51 MP: 5/12
  4977 | D:7      | Reached skill level 5 in Hexes
  5144 | D:7      | Reached skill level 6 in Hexes
  5334 | D:7      | Reached ***** piety under Jiyva
  5906 | D:8      | Reached skill level 7 in Hexes
  6014 | D:8      | Found Titeut's General Store.
  6059 | D:8      | Bought a scroll of enchant weapon for 105 gold pieces
  6069 | D:8      | You pick up a book of Spatial Translocations and begin
                  | reading...
  6069 | D:8      | You add the spells Blink, Lesser Beckoning and Manifold
                  | Assault to your library.
  6075 | D:8      | Lost mutation: You have very sharp teeth. [Jiyva's grace]
  6075 | D:8      | Lost mutation: Your flesh is almost immune to the effects
                  | of heat. (rF+++) [Jiyva's grace]
  6075 | D:8      | Gained mutation: You are robust. (+10% HP) [Jiyva's grace]
  6075 | D:8      | Gained mutation: You are very robust. (+20% HP) [Jiyva's
                  | grace]
  6075 | D:8      | Gained mutation: You are extremely robust. (+30% HP)
                  | [Jiyva's grace]
  6075 | D:8      | Gained mutation: Your muscles are strong. (Str +2) [Jiyva's
                  | grace]
  6098 | D:8      | You pick up a book of Fire and begin reading...
  6098 | D:8      | You add the spells Fireball, Starburst and Ignition to your
                  | library.
  6167 | D:8      | Reached skill level 11 in Conjurations
  6198 | D:8      | Found an ancient bone altar of Kikubaaqudgha.
  6209 | D:8      | Reached skill level 8 in Hexes
  6473 | D:9      | Reached skill level 3 in Spellcasting
  6517 | D:9      | Reached XP level 10. HP: 59/72 MP: 4/15
  6523 | D:9      | HP: 8/72 [orc warrior/+0 hand axe (16)]
  6528 | D:8      | HP: 3/72 [orc warrior/+0 hand axe (17)]
  6556 | D:8      | Learned a level 2 spell: Blink
  6582 | D:9      | Reached skill level 4 in Spellcasting
  6630 | D:8      | Was placed under penance by Jiyva
  6632 | D:8      | Reached skill level 12 in Conjurations
  6751 | D:8      | Reached skill level 5 in Spellcasting
  6917 | D:9      | Was forgiven by Jiyva
  6927 | D:9      | HP: 18/72 [vampire mosquito (7)]
  7145 | D:9      | Found a staircase to the Orcish Mines.
  7149 | D:9      | Found the -2 hat of the Alchemist {rElec rPois rF+ rC+ rN+
                  | Will+ rMut rCorr}
  7172 | D:9      | Found a bloodstained altar of Trog.
  7264 | D:9      | Found a transporter.
  7265 | D:9      | Noticed a11behringer's ghost (novice MiBe)
  7269 | D:9      | Noticed a moth of wrath
  7356 | D:9      | Found a transporter.
  7530 | D:10     | Entered Level 10 of the Dungeon
  7742 | D:10     | Found Fitelonu's Armour Shop.
  7762 | D:10     | Found a staircase to the Lair.
  7789 | D:10     | Reached skill level 6 in Spellcasting
  7812 | D:10     | Noticed a brown ugly thing
  7819 | D:10     | Killed a brown ugly thing
  7822 | D:10     | Was placed under penance by Jiyva
  8010 | D:10     | You fall into a shaft and drop 1 floor!
  8027 | D:10     | Was forgiven by Jiyva
  8065 | D:10     | Found a runed translucent door.
  8065 | D:10     | Noticed a boulder beetle
  8066 | D:10     | Noticed rageheart7's ghost (journeyman GrGl)
  8134 | D:10     | HP: 11/72 [something (10)]
  8134 | D:10     | Killed an unseen horror
  8462 | Lair:1   | Entered Level 1 of the Lair of Beasts
  8489 | Lair:1   | Noticed a cane toad
  8492 | Lair:1   | Reached skill level 13 in Conjurations
  8492 | Lair:1   | Reached XP level 11. HP: 79/79 MP: 15/21
  8630 | Lair:1   | Gained mutation: You are resistant to electric shocks.
                  | (rElec) [Jiyva's grace]
  8630 | Lair:1   | Gained mutation: You are somewhat resistant to further
                  | mutation. [Jiyva's grace]
  8630 | Lair:1   | Gained mutation: You are somewhat resistant to both further
                  | mutation and mutation removal. [Jiyva's grace]
  8630 | Lair:1   | Gained mutation: You are almost entirely resistant to
                  | further mutation and mutation removal. [Jiyva's grace]
  8648 | Lair:1   | Reached ****** piety under Jiyva
  8755 | Lair:1   | Reached skill level 7 in Spellcasting
  8757 | Lair:1   | Noticed Urug
  8769 | Lair:1   | Killed Urug
  8769 | Lair:1   | Was placed under penance by Jiyva
  8966 | Lair:1   | Was forgiven by Jiyva
  9336 | Lair:2   | You pick up a book of Transfigurations {@e2} and begin
                  | reading...
  9336 | Lair:2   | You add the spells Irradiate, Blade Hands and Dragon Form
                  | to your library.
  9343 | Lair:2   | Found a staircase to the Swamp.
  9356 | Lair:2   | Noticed a moth of wrath
  9435 | Lair:2   | Found a shimmering altar of Xom.
  9559 | Lair:2   | Found a transporter.
  9561 | Lair:2   | Found a bloodstained altar of Trog.
  9561 | Lair:2   | Noticed enile's ghost (journeyman OgFE)
  9562 | Lair:2   | Noticed a moth of wrath
  9571 | Lair:2   | Noticed Amaemon
  9573 | Lair:2   | Noticed a spriggan rider
  9576 | Lair:2   | Killed Amaemon
  9669 | Lair:2   | Found a transporter.
  9730 | Lair:2   | Reached skill level 8 in Spellcasting
  9739 | Lair:2   | Reached skill level 14 in Conjurations
  9755 | Lair:2   | Found a hole to the Spider Nest.
 10502 | Lair:3   | Reached skill level 15 in Conjurations
 10581 | Lair:3   | Reached skill level 1 in Fighting
 10585 | Lair:3   | Reached skill level 2 in Fighting
 10632 | Lair:3   | Lost mutation: Your flesh is very heat resistant. (rF++)
                  | [Jiyva's grace]
 10632 | Lair:3   | Lost mutation: You are extremely robust. (+30% HP) [Jiyva's
                  | grace]
 10632 | Lair:3   | Gained mutation: You possess an exceptional clarity of
                  | mind. [Jiyva's grace]
 10632 | Lair:3   | Gained mutation: You are partially covered in iridescent
                  | scales. (AC +2) [Jiyva's grace]
 10632 | Lair:3   | Gained mutation: You are mostly covered in iridescent
                  | scales. (AC +4) [Jiyva's grace]
 10632 | Lair:3   | Gained mutation: You are completely covered in iridescent
                  | scales. (AC +6) [Jiyva's grace]
 10755 | Lair:3   | Was placed under penance by Jiyva
 10759 | Lair:3   | Reached skill level 3 in Fighting
 10759 | Lair:3   | Reached XP level 12. HP: 86/86 MP: 17/24
 10799 | Lair:3   | Reached skill level 4 in Fighting
 10816 | Lair:3   | Gained mutation: You do not regenerate when monsters are
                  | visible. [the all-consuming vengeance of Jiyva]
 10816 | Lair:3   | Gained mutation: Your magical capacity is low. (-10% MP)
                  | [the all-consuming vengeance of Jiyva]
 10816 | Lair:3   | Lost mutation: You are very robust. (+20% HP) [the
                  | all-consuming vengeance of Jiyva]
 10982 | Lair:3   | Was forgiven by Jiyva
 11269 | Lair:3   | Reached skill level 5 in Fighting
 11406 | Lair:3   | Found a snail-covered altar of Cheibriados.
 11509 | Lair:3   | Reached skill level 6 in Fighting
 11875 | Lair:4   | Reached skill level 7 in Fighting
 12178 | Lair:4   | Reached skill level 8 in Fighting
 12224 | Lair:4   | Noticed a five-headed hydra
 12227 | Lair:4   | Was placed under penance by Jiyva
 12227 | Lair:4   | Killed a five-headed hydra
 12228 | Lair:4   | Reached skill level 9 in Fighting
 12469 | Lair:4   | Was forgiven by Jiyva
 12513 | Lair:4   | Noticed a death yak
 12522 | Lair:4   | Noticed a death yak
 12539 | Lair:4   | Killed a death yak
 12550 | Lair:4   | Noticed a death yak
 12564 | Lair:4   | Killed a death yak
 12565 | Lair:4   | Reached skill level 10 in Fighting
 12567 | Lair:4   | Killed a death yak
 12791 | Lair:4   | Noticed a death yak
 12798 | Lair:4   | Noticed a death yak
 12806 | Lair:4   | Killed a death yak
 12806 | Lair:4   | Noticed a death yak
 12806 | Lair:4   | Killed a death yak
 12807 | Lair:4   | Reached XP level 13. HP: 103/103 MP: 10/22
 12812 | Lair:4   | Was placed under penance by Jiyva
 12827 | Lair:4   | Reached skill level 11 in Fighting
 12978 | Lair:4   | Was forgiven by Jiyva
 12983 | Lair:4   | Learned a level 3 spell: Swiftness
 13238 | Lair:5   | Reached skill level 3 in Dodging
 13343 | Lair:5   | Reached skill level 4 in Dodging
 13497 | Lair:5   | Lost mutation: You are completely covered in iridescent
                  | scales. (AC +6) [Jiyva's grace]
 13497 | Lair:5   | Lost mutation: You are almost entirely resistant to further
                  | mutation and mutation removal. [Jiyva's grace]
 13497 | Lair:5   | Lost mutation: You are robust. (+10% HP) [Jiyva's grace]
 13497 | Lair:5   | Lost mutation: You do not regenerate when monsters are
                  | visible. [Jiyva's grace]
 13497 | Lair:5   | Gained mutation: Your flesh is very heat resistant. (rF++)
                  | [Jiyva's grace]
 13497 | Lair:5   | Gained mutation: Your flesh is almost immune to the effects
                  | of heat. (rF+++) [Jiyva's grace]
 13497 | Lair:5   | Gained mutation: You are robust. (+10% HP) [Jiyva's grace]
 13497 | Lair:5   | Gained mutation: You are very robust. (+20% HP) [Jiyva's
                  | grace]
 13786 | Lair:5   | Reached skill level 5 in Dodging
 13789 | Lair:5   | Was placed under penance by Jiyva
 14253 | Lair:5   | Was forgiven by Jiyva
 14390 | Lair:6   | Entered Level 6 of the Lair of Beasts
 14397 | Lair:6   | Reached skill level 6 in Dodging
 14403 | Lair:6   | Reached skill level 12 in Fighting
 14418 | Lair:6   | HP: 29/116 [yak (12)]
 14489 | Lair:6   | Reached skill level 7 in Dodging
 14659 | Lair:6   | Found a staircase to the Slime Pits.
 14926 | Lair:6   | Reached skill level 8 in Dodging
 15523 | Lair:6   | Reached XP level 14. HP: 124/124 MP: 14/23
 15653 | Lair:6   | You pick up a book of Conjurations {@e2} and begin
                  | reading...
 15718 | Lair:6   | Reached skill level 9 in Dodging
 15984 | Lair:6   | Found a corrupted altar of Lugonu.
 15984 | Lair:6   | Found a one-way gate to the infinite horrors of the Abyss.
 15990 | Lair:6   | You pick up a book of Blood and begin reading...
 15990 | Lair:6   | You add the spells Sublimation of Blood, Wereblood and
                  | Summon Hydra to your library.
 16099 | Slime:1  | Entered Level 1 of the Pits of Slime
 16099 | Slime:1  | Noticed an acid blob
 16103 | Slime:1  | Noticed an acid blob
 16148 | Slime:1  | Noticed a quicksilver ooze
 16281 | Slime:2  | Noticed a rockslime
 16281 | Slime:2  | Noticed a quicksilver ooze
 16289 | Slime:2  | Noticed a rockslime
 16325 | Slime:2  | Noticed a quicksilver ooze
 16334 | Slime:3  | Noticed a rockslime
 16391 | Slime:3  | Noticed an acid blob
 16406 | Slime:4  | Noticed an azure jelly
 16406 | Slime:4  | Noticed an azure jelly
 16406 | Slime:4  | Noticed an acid blob
 16409 | Slime:4  | Noticed a rockslime
 16411 | Slime:4  | Noticed an acid blob
 16436 | Slime:4  | Noticed an azure jelly
 16441 | Slime:5  | Entered Level 5 of the Pits of Slime
 16441 | Slime:5  | Noticed a rockslime
 16491 | Slime:5  | Noticed a rockslime
 16500 | Slime:5  | Noticed an acid blob
 16517 | Slime:5  | Noticed an acid blob
 16536 | Slime:5  | Noticed a rockslime
 16548 | Slime:5  | Noticed an acid blob
 16554 | Slime:5  | Noticed the Royal Jelly
 16566 | Slime:5  | Noticed an acid blob
 16614 | Slime:5  | Found a viscous altar of Jiyva.
 16617 | Slime:5  | Noticed an acid blob
 16617 | Slime:5  | Found the +3 hat of Pondering {ponderous, Will+ MP+10
                  | Int+5}
 16618 | Slime:5  | Noticed a rockslime
 16624 | Slime:5  | Identified the +6 hand axe "Xiulixywu" {antimagic, *Noise
                  | rC+ rN+ SInv}
 16636 | Slime:5  | Got a slimy rune of Zot
 16668 | Slime:5  | Noticed an acid blob
 16670 | Slime:5  | Noticed an acid blob
 16680 | Slime:5  | Noticed a rockslime
 16696 | Slime:5  | Noticed an acid blob
 16697 | Slime:5  | Noticed an acid blob
 16768 | Slime:4  | Noticed a quicksilver ooze
 16768 | Slime:4  | Noticed an azure jelly
 16895 | Slime:4  | Noticed an acid blob
 16895 | Slime:4  | Noticed an azure jelly
 17100 | Orc:1    | Entered Level 1 of the Orcish Mines
 17141 | Orc:1    | Reached skill level 13 in Fighting
 17261 | Orc:1    | Found a transporter.
 17323 | Orc:1    | Found a transporter.
 17323 | Orc:1    | Identified the +4 great mace of Sin {drain, Str+2}
 17323 | Orc:1    | Identified the +1 great mace of Ancient Evil {vorpal,
                  | *Noise rC+ SInv}
 17323 | Orc:1    | Noticed Beoweam's ghost (journeyman DsGl)
 17367 | Orc:2    | Entered Level 2 of the Orcish Mines
 17453 | Orc:2    | Reached skill level 10 in Dodging
 17636 | Orc:2    | Lost mutation: You are resistant to electric shocks.
                  | (rElec) [Jiyva's grace]
 17636 | Orc:2    | Lost mutation: Your muscles are strong. (Str +2) [Jiyva's
                  | grace]
 17636 | Orc:2    | Gained mutation: You have acidic saliva. [Jiyva's grace]
 17636 | Orc:2    | Gained mutation: Your muscles are strong. (Str +2) [Jiyva's
                  | grace]
 17636 | Orc:2    | Gained mutation: Your muscles are very strong. (Str +4)
                  | [Jiyva's grace]
 17636 | Orc:2    | Gained mutation: Your system is resistant to poisons.
                  | (rPois) [Jiyva's grace]
 17727 | Orc:2    | Found a staircase to the Elven Halls.
 17969 | Orc:2    | Was placed under penance by Jiyva
 17988 | Orc:2    | Lost mutation: You have acidic saliva. [the all-consuming
                  | vengeance of Jiyva]
 18094 | Orc:2    | Reached skill level 11 in Dodging
 18211 | Orc:2    | Lost mutation: You are very robust. (+20% HP) [the
                  | all-consuming vengeance of Jiyva]
 18213 | Orc:1    | Noticed Snorg
 18213 | Orc:1    | Was forgiven by Jiyva
 18422 | Orc:2    | HP: 7/117 [two-headed ogre/+0 giant club (29)]
 18432 | Orc:2    | Was placed under penance by Jiyva
 18964 | Orc:1    | Reached skill level 12 in Dodging
 19206 | Orc:2    | Found Biroa's Armour Boutique.
 19206 | Orc:2    | Found Ineob's Antique Weapon Emporium.
 19207 | Orc:2    | Found Dayzuuwe's Antique Weapon Shoppe.
 19207 | Orc:2    | Found Xyrump's Distillery.
 19216 | Orc:2    | Bought a potion of resistance for 120 gold pieces
 19216 | Orc:2    | Bought a potion of curing for 36 gold pieces
 19216 | Orc:2    | Bought a potion of invisibility for 96 gold pieces
 19216 | Orc:2    | Bought a potion of curing for 36 gold pieces
 19289 | Orc:2    | Bought 2 potions of cancellation for 192 gold pieces
 19432 | Orc:1    | Killed Snorg
 19802 | D:11     | Was forgiven by Jiyva
 19967 | D:11     | Found a sacrificial altar of Ru.
 20129 | D:11     | Reached skill level 14 in Fighting
 20402 | D:12     | Reached XP level 15. HP: 124/124 MP: 1/24
 20616 | D:12     | Noticed Fannar
 20626 | D:12     | Killed Fannar
 20913 | D:12     | Was placed under penance by Jiyva
 21180 | D:12     | Gained mutation: Your magical capacity is very low. (-20%
                  | MP) [the all-consuming vengeance of Jiyva]
 21180 | D:12     | Gained mutation: You sometimes lose the ability to read
                  | scrolls when taking damage. [the all-consuming vengeance of
                  | Jiyva]
 21353 | D:12     | Noticed Maurice
 21363 | D:12     | Killed Maurice
 21426 | D:12     | Was forgiven by Jiyva
 21536 | D:12     | Reached skill level 13 in Dodging
 21767 | D:12     | Noticed a fire giant
 21780 | D:12     | Killed a fire giant
 21874 | D:12     | You pick up a book of Vapours and begin reading...
 21874 | D:12     | You add the spells Poisonous Vapours and Corpse Rot to your
                  | library.
 21876 | D:12     | You pick up a book of Sloth and begin reading...
 21876 | D:12     | You add the spells Petrify, Metabolic Englaciation and
                  | Statue Form to your library.
 21882 | D:12     | Identified the +4 glaive of the Ghost {vorpal, Fragile rC++
                  | rN+}
 21890 | D:12     | Learned a level 5 spell: Irradiate
 21898 | D:12     | Learned a level 7 spell: Dragon Form
 22268 | D:13     | Identified the +3 chain mail "Suxt" {Str+3}
 22373 | D:13     | Was placed under penance by Jiyva
 22432 | D:13     | Found a gate to the Vaults.
 22928 | D:13     | Reached skill level 14 in Dodging
 22967 | D:13     | Was forgiven by Jiyva
 23984 | D:14     | HP: 21/125 [centaur warrior/arrow (22)]
 24081 | D:14     | Found a huge runed translucent gate.
 24082 | D:14     | Found a huge runed translucent gate.
 24082 | D:14     | Found a huge runed translucent gate.
 24082 | D:14     | Found a huge runed translucent gate.
 24086 | D:14     | Found a runed translucent gate.
 24087 | D:14     | Found a runed translucent gate.
 24088 | D:14     | Found a runed translucent gate.
 24089 | D:14     | Found an opulent altar of Gozag.
 24090 | D:14     | Noticed Osanutie's ghost (journeyman MiBe)
 24092 | D:14     | Found Eniubb's Assorted Antiques.
 24217 | D:14     | Reached skill level 16 in Conjurations
 24262 | D:14     | Lost mutation: Your magical capacity is very low. (-20% MP)
                  | [Jiyva's grace]
 24262 | D:14     | Lost mutation: Your magical capacity is low. (-10% MP)
                  | [Jiyva's grace]
 24262 | D:14     | Gained mutation: You have a pair of small antennae on your
                  | head. [Jiyva's grace]
 24262 | D:14     | Gained mutation: You have a pair of antennae on your head.
                  | [Jiyva's grace]
 24262 | D:14     | Gained mutation: You have a pair of large antennae on your
                  | head. (SInv) [Jiyva's grace]
 24262 | D:14     | Gained mutation: You are agile. (Dex +2) [Jiyva's grace]
 24359 | D:14     | Reached skill level 15 in Fighting
 24371 | D:14     | Reached XP level 16. HP: 134/134 MP: 17/28
 24788 | D:15     | Entered Level 15 of the Dungeon
 24965 | D:15     | Reached skill level 15 in Dodging
 25008 | D:15     | Was placed under penance by Jiyva
 26286 | D:15     | Was forgiven by Jiyva
 26346 | D:15     | Found a radiant altar of Vehumet.
 26448 | D:15     | Found a shadowy altar of Dithmenos.
 26484 | D:15     | Noticed Azrael
 26494 | D:15     | Killed Azrael
 26662 | D:15     | Found Tafifisuph's Armour Boutique.
 26774 | D:15     | Found a staircase to the Depths.
 27197 | Vaults:1 | Entered Level 1 of the Vaults
 27642 | Vaults:1 | HP: 16/134 [centaur warrior/arrow (21)]
 27642 | Vaults:1 | Shot with an arrow by a centaur warrior

Vanquished Creatures
  A fire giant (D:12)
  A very ugly thing (D:14)
  Azrael (D:15)
  Snorg (Orc:1)
  3 hydras
  Fannar (D:12)
  A rakshasa (D:15)
  5 ogre magi
  4 boulder beetles
  3 vault guards
  2 catoblepae
  3 centaur warriors
  17 two-headed ogres
  2 death knights
  6 death yaks (Lair:4)
  An orc high priest (Orc:2)
  Urug (Lair:1)
  2 thrashing horrors (Lair:6)
  A skeletal warrior (D:15)
  Amaemon (Lair:2)
  A lindwurm (D:13)
  2 wizards
  An ironbound convoker (Vaults:1)
  A deep elf pyromancer (D:14)
  A phantasmal warrior (D:12)
  3 necromancers (D:13)
  3 orc knights
  4 orc sorcerers (Orc:1)
  A cyclops (shapeshifter) (D:14)
  2 manticores
  7 cyclopes
  22 ugly things
  6 black mambas
  Maurice (D:12)
  10 elephants
  A vault sentinel (Vaults:1)
  2 torpor snails (Lair:3)
  An orange demon (Lair:2)
  2 smoke demons (Lair:6)
  18 cane toads
  A gargoyle (D:11)
  4 rime drakes
  4 unseen horrors
  3 kobold demonologists (D:12)
  10 komodo dragons
  A yaktaur (D:15)
  An ancient zyme (Lair:6)
  A freezing wraith (D:15)
  7 trolls
  A tengu conjurer (D:15)
  3 polar bears
  3 meliai (D:13)
  Grinder (D:5)
  12 blink frogs
  A culicivora (shapeshifter) (Lair:6)
  3 culicivoras (Lair:2)
  2 shadows (D:12)
  2 spriggans (Lair:6)
  11 small abominations (Lair:6)
  A wyvern (D:9)
  A vampire (D:12)
  2 ynoxinuls (Lair:6)
  4 basilisks
  3 wraiths
  38 yaks
  18 humans
  4 fire elementals (D:15)
  8 vampire mosquitoes
  A chaos spawn (Lair:6)
  3 wargs (Orc:2)
  An acid dragon (D:5)
  An acid dragon (shapeshifter) (D:14)
  5 hell hounds
  10 water moccasins
  18 orc warriors
  4 large abominations (Lair:6)
  A black bear (Lair:2)
  A sky beast (D:7)
  An ice beast (D:7)
  28 ogres
  16 wolves
  5 centaurs
  5 kobold brigands
  A gnoll sergeant (D:12)
  6 bullfrogs
  4 scorpions
  11 wights
  3 killer bees (D:10)
  2 electric eels (Lair:1)
  A howler monkey (D:7)
  13 jellies
  A hound (D:5)
  2 gnoll shamans
  8 orc priests
  4 iguanas
  15 orc wizards
  7 adders
  7 gnolls
  A white imp (D:6)
  2 ufetubi (D:5)
  A worm (D:5)
  3 dart slugs
  34 orcs
  4 ball pythons
  A giant cockroach (D:1)
  6 goblins
  6 hobgoblins
  10 jackals
  3 quokkas
  4 bats
  2 frilled lizards (D:1)
  13 kobolds
  3 rats
  A butterfly (Lair:4)
  4 fulminant prisms
579 creatures vanquished.

Vanquished Creatures (collateral kills)
  A boulder beetle (D:12)
  A two-headed ogre (Orc:2)
  A cyclops (D:11)
  A cane toad (Lair:3)
  A black mamba (Lair:2)
  A rime drake (Lair:2)
  A komodo dragon (Lair:5)
  2 blink frogs (Lair:5)
  An orc warrior (D:9)
  An ogre (Orc:2)
  A gnoll (D:7)
12 creatures vanquished.

Vanquished Creatures (others)
  2 great orbs of eyes
  An ugly thing (D:15)
  A kobold demonologist (D:12)
  A troll (D:12)
  A meliai (shapeshifter) (D:15)
  9 slime creatures
  A wraith (D:12)
  A basilisk (Lair:6)
  A wyvern (shapeshifter) (Lair:6)
  An acid dragon (D:12)
  2 centaurs
  2 ogres
  2 bullfrogs
  119 jellies
  A killer bee (D:10)
  A howler monkey (D:9)
  3 orc priests
  4 orc wizards
  3 adders
  3 gnolls (D:5)
  14 orcs
  A bat (D:2)
  An endoplasm (D:2)
  A giant cockroach (D:2)
  4 goblins (D:4)
  3 hobgoblins
  A jackal (D:2)
  5 ball pythons
  A frilled lizard (D:2)
  3 kobolds
  A rat (D:2)
  3 butterflies (Lair:4)
  477 fulminant prisms
  118 fungi
  147 plants
939 creatures vanquished.

Grand Total: 1530 creatures vanquished

Table legend:
 A = Non-vault XP
 B = Vault XP
 C = Vault XP percentage of total XP
 D = Non-vault monster count
 E = Vault monster count
 F = Vault count percentage of total count
                 A         B        C        D         E       F
            +---------+---------+-------+---------+---------+-------
      Total |   85449 |   63120 |  42.5 |     394 |     180 |  31.4
            +---------+---------+-------+---------+---------+-------
        D:1 |      41 |       0 |   0.0 |      23 |       0 |   0.0
        D:2 |      10 |       0 |   0.0 |       6 |       0 |   0.0
        D:3 |      81 |       0 |   0.0 |      10 |       0 |   0.0
        D:4 |     259 |       4 |   1.5 |       7 |       2 |  22.2
        D:5 |     492 |     277 |  36.0 |      16 |       1 |   5.9
        D:6 |     728 |       0 |   0.0 |      16 |       0 |   0.0
        D:7 |    1437 |      77 |   5.1 |      22 |       2 |   8.3
        D:8 |     947 |     307 |  24.5 |      14 |       4 |  22.2
        D:9 |    2055 |       6 |   0.3 |      14 |       2 |  12.5
       D:10 |    2107 |     361 |  14.6 |      13 |       1 |   7.1
       D:11 |    2120 |       4 |   0.2 |       9 |       2 |  18.2
       D:12 |    2921 |   15015 |  83.7 |      14 |      33 |  70.2
       D:13 |    6917 |    8344 |  54.7 |      18 |      24 |  57.1
       D:14 |   11619 |    1639 |  12.4 |      23 |       2 |   8.0
       D:15 |    9763 |    3998 |  29.1 |      21 |      12 |  36.4
     Lair:1 |    1402 |     792 |  36.1 |       6 |       1 |  14.3
     Lair:2 |    3069 |    2538 |  45.3 |      16 |       8 |  33.3
     Lair:3 |    4575 |     873 |  16.0 |      19 |       2 |   9.5
     Lair:4 |   10593 |     425 |   3.9 |      22 |       1 |   4.3
     Lair:5 |    8560 |     801 |   8.6 |      30 |       2 |   6.2
     Lair:6 |    7367 |    9743 |  56.9 |      24 |      36 |  60.0
      Orc:1 |    3739 |     939 |  20.1 |      29 |       1 |   3.3
      Orc:2 |    2751 |   16535 |  85.7 |      19 |      43 |  69.4
   Vaults:1 |    1896 |     442 |  18.9 |       3 |       1 |  25.0
            +---------+---------+-------+---------+---------+-------

Illustrated notes

Table legend:
 A = Kills in this place as a percentage of kills in entire the game.
 B = Kills by you in this place as a percentage of kills by you in the entire game.
 C = Kills by friends in this place as a percentage of kills by friends in the entire game.
 D = Other kills in this place as a percentage of other kills in the entire game.
 E = Experience gained in this place as a percentage of experience gained in the entire game.
 F = Experience gained in this place divided by the number of levels of this place that you have seen.
                   A       B       C       D       E      F
               +-------+-------+-------+-------+-------+----------------------
         Total | 100.0 | 100.0 | 100.0 | 100.0 | 100.0 | 5123.1
       Dungeon |  54.2 |  54.6 |  33.3 |  50.0 |  48.1 | 4768.6
          Lair |  29.1 |  28.6 |  50.0 |  50.0 |  34.2 | 8456.3
  Orcish Mines |  16.0 |  16.1 |  16.7 |   0.0 |  16.1 | 11982.0
        Vaults |   0.7 |   0.7 |   0.0 |   0.0 |   1.6 | 2338.0
               +-------+-------+-------+-------+-------+----------------------

Table legend: (Time is in decaauts)
 A = Elapsed time spent in this place.
 B = Non-inter-level travel time spent in this place.
 C = Inter-level travel time spent in this place.
 D = Time resting spent in this place.
 E = Time spent auto-exploring this place.
 F = Levels seen in this place.
 G = Mean time per level.
                   A        B        C        D        E       F      G
               +--------+--------+--------+--------+--------+-----+--------+
         Total |  28147 |  26004 |   2143 |   4932 |  16717 |  29 |  970.6 |
       Dungeon |  16283 |  15233 |   1050 |   3052 |   9722 |  15 | 1085.5 |
          Lair |   7763 |   7050 |    713 |    889 |   4961 |   6 | 1293.8 |
    Slime Pits |    884 |    716 |    168 |      0 |    645 |   5 |  176.8 |
  Orcish Mines |   2772 |   2562 |    210 |    719 |   1282 |   2 | 1386.0 |
        Vaults |    443 |    443 |      0 |    271 |    105 |   1 |  443.0 |
               +--------+--------+--------+--------+--------+-----+--------+

Top non-repeatable levels by time:
    D:14: 2207 daAuts
   Orc:2: 1909 daAuts
    D:12: 1671 daAuts
    D:13: 1633 daAuts
  Lair:6: 1533 daAuts
  Lair:4: 1511 daAuts
  Lair:3: 1456 daAuts
    D:15: 1279 daAuts
  Lair:5: 1258 daAuts
     D:5: 1225 daAuts
  Lair:2: 1105 daAuts
     D:1: 1087 daAuts
     D:7: 1069 daAuts
     D:8: 961 daAuts
    D:10: 952 daAuts
